 Dungeon Crawl Stone Soup version 0.26.0-15-gc6cd9f7 (webtiles) character file.

Game seed: 16122049710615843906

182 GeorgeSoros the Slasher (level 5, -2/48 HPs)
             Began as a Palentonga Warper on Feb 4, 2021.
             Killed from afar by Sigmund (7 damage)
             ... with a magic dart
             ... on level 3 of the Dungeon.
             The game lasted 00:15:46 (3074 turns).

GeorgeSoros the Slasher (Palentonga Warper)         Turns: 3074, Time: 00:15:47

Health: -2/48      AC:  5    Str: 15    XL:     5   Next: 34%
Magic:  8/8        EV:  9    Int: 14    God:
Gold:   197        SH:  0    Dex:  9    Spells: 7/9 levels left

rFire    . . .     SeeInvis +   a - +0 falchion
rCold    . . .     Faith    .   (no shield)
rNeg     . . .     Spirit   .   b - +1 leather armour
rPois    .         Reflect  .   (no helmet)
rElec    .         Harm     .   (no cloak)
rCorr    .         Rampage  .   (no gloves)
Will     .....                  (no barding)
Stlth    +.........             (no amulet)
HPRegen  0.16/turn              (no ring)
MPRegen  0.11/turn              (no ring)

@: no status effects
A: large, rugged brown scales 3, see invisible, deformed body, roll 1, armoured
tail
a: Rolling Charge


You were on level 3 of the Dungeon.
You visited 1 branch of the dungeon, and saw 3 of its levels.

You collected 197 gold pieces.

Inventory:

Hand Weapons
 a - a +0 falchion (weapon)
Missiles
 c - 10 poisoned darts (quivered)
 e - 2 boomerangs of dispersal
Armour
 b - a +1 leather armour (worn)
Jewellery
 h - an uncursed ring of ice {unknown}
Scrolls
 d - a scroll of blinking
Potions
 f - 2 potions of ambrosia
 g - a potion of lignification {unknown}
 i - a potion of invisibility {unknown}


   Skills:
 + Level 3.5 Fighting
 + Level 3.5 Long Blades
 - Level 0.6 Throwing
 + Level 2.1 Armour
 - Level 1.5 Dodging
 - Level 2.5 Spellcasting
 - Level 3.0 Translocations


You had 7 spell levels left.
You knew the following spells:

 Your Spells              Type           Power        Failure   Level
a - Blink                 Tloc           N/A          12%         2

Your spell library contained the following spells:

 Spells                   Type           Power        Failure   Level
 Gell's Gravitas          Tloc           5%           24%         3
 Lesser Beckoning         Tloc           5%           24%         3
 Teleport Other           Tloc           10%          24%         3
 Passage of Golubria      Tloc           N/A          63%         4


Dungeon Overview and Level Annotations

Branches:
Dungeon (3/15)

Altars:
Kikubaaqudgha

Annotations:
D:2 Grinder
D:3 Sigmund


Innate Abilities, Weirdness & Mutations

You are completely covered in rugged brown scales. (AC +3, +7% HP)
You have supernaturally acute eyesight. (SInv)
Armour fits poorly on your strangely shaped body.
You can roll at nearby foes to attack.
You have a long armoured tail.


Message History

You see here a rat corpse.
Sigmund casts a spell at you. The magic dart hits you.
* * * LOW HITPOINT WARNING * * *
Sigmund gestures at you while chanting.
You are confused.
Sigmund gestures at you while chanting. The puff of flame hits you.
* * * LOW HITPOINT WARNING * * *
You're too confused to move!
Sigmund screams, "Don't try to resist!"
You bump into the rock wall.
Sigmund casts a spell at you. The magic dart hits you.
* * * LOW HITPOINT WARNING * * *
You feel less confused. Sigmund barely misses you.
Sigmund gestures at you while chanting. The magic dart hits you!
You die...

......#.....#........
.......#.....#...@....
...........†....#####
......#....†######...
##...##.....# ##...
#...##.....#####....
#)..#..........#....
#...#..........#....
#..@#......^...#....
#...#..@.......#....
#####...#..........###.#
#.......@..........# #†#
#...........######## #..
#..$........# #...###..
#....(......# #........
#.(..(......# #.......÷
#(..........####........


You could see Sigmund.

Vanquished Creatures
  A hound (D:2)
  Natasha (twice) (D:3)
  3 adders
  A gnoll (D:1)
  An ooze (D:1)
  3 worms (D:3)
  2 dart slugs
  A leopard gecko (D:3)
  8 bats
  2 giant cockroaches
  9 goblins
  3 hobgoblins (D:2)
  3 jackals (D:3)
  A quokka (D:3)
  3 ball pythons
  2 frilled lizards
  4 kobolds
  5 rats
54 creatures vanquished.

Notes
Turn   | Place    | Note
-------+----------+-------------------------------------------
     0 | D:1      | GeorgeSoros the Palentonga Warper began the quest for the
                  | Orb.
     0 | D:1      | Reached XP level 1. HP: 18/18 MP: 3/3
    31 | D:1      | Reached XP level 2. HP: 15/26 MP: 5/5
   380 | D:1      | Reached XP level 3. HP: 18/32 MP: 6/6
   556 | D:1      | Learned a level 2 spell: Blink
  1215 | D:2      | Reached skill level 1 in Armour
  1342 | D:2      | Reached XP level 4. HP: 38/40 MP: 4/7
  2016 | D:3      | Noticed Grinder
  2274 | D:3      | Noticed Natasha
  2285 | D:3      | Killed Natasha
  2460 | D:3      | Reached XP level 5. HP: 26/48 MP: 8/8
  2755 | D:3      | Found an ancient bone altar of Kikubaaqudgha.
  2766 | D:3      | Noticed Natasha
  2778 | D:3      | Killed Natasha
  3000 | D:3      | Noticed Sigmund
  3074 | D:3      | Killed from afar by Sigmund

Illustrated notes

Levels and vault maps discovered:
D:1:      dpeg_arrival_boxorama, layout_loops_ring
D:2:      layout_loops_corners
D:3:      layout_basic, old_standard_altar, grunt_ministairs_12, uniq_sigmund,
          uniq_natasha, uniq_grinder

Skill      XL: |  1  2  3  4  5 |
---------------+----------------+-----
Armour         | 1 2 |  2.1
Fighting       | 3 |  3.5
Long Blades    | 3 |  3.5
Throwing       | |  0.6
Dodging        | |  1.5
Spellcasting   | |  2.5
Translocations | |  3.0

Action                   |  1- 3 |  4- 6 || total
-------------------------+-------+-------++-------
Melee: Falchion          |    37 |   115 ||   152
       Tailslap          |     7 |    12 ||    19
Throw: Boomerang         |     3 |       ||     3
       Dart              |       |     7 ||     7
 Cast: Blink             |     2 |    10 ||    12
 Abil: Rolling Charge    |    22 |    46 ||    68
  Use: Scroll            |     5 |     1 ||     6
Armor: Leather armour    |    13 |    53 ||    66
Dodge: Dodged            |    19 |    58 ||    77
       Rpst.: Falchion   |     8 |    18 ||    26
